 Dungeon Crawl Stone Soup version 0.21.1-1-g345015f (webtiles) character file.

72 Fang the Skirmisher (level 4, -3/29 HPs)
             Began as a Gargoyle Berserker on June 28, 2018.
             Was a Believer of Trog.
             Slain by a leopard gecko (4 damage)
             ... on level 3 of the Dungeon.
             The game lasted 00:01:40 (2089 turns).

Fang the Skirmisher (Gargoyle Berserker)            Turns: 2089, Time: 00:01:40

Health: -3/29      AC:  5    Str: 22    XL:     4   Next: 25%
Magic:  4/4        EV: 12    Int:  7    God:    Trog [**....]
Gold:   96         SH:  0    Dex:  9    Spells: 3/3 levels left

rFire    . . .     SeeInvis .   a - +0 hand axe
rCold    . . .     Gourm    .   (no shield)
rNeg     + . .     Faith    +   b - +0 animal skin
rPois    ∞         Spirit   .   (no helmet)
rElec    +         Reflect  .   (no cloak)
rCorr    .         Harm     .   (no gloves)
MR       .....                  (no boots)
Stlth    +.........             k - amulet of faith
HPRegen  0.09/turn              (no ring)
MPRegen  0.09/turn              (no ring)

@: no status effects
A: negative energy resistance 1, electricity resistance, unbreathing,
petrification resistance, rot immunity, AC +3
a: Berserk, Trog's Hand, Burn Spellbooks, Renounce Religion


You were on level 3 of the Dungeon.
You worshipped Trog.
Trog was pleased with you.
You were not hungry.

You visited 1 branch of the dungeon, and saw 3 of its levels.

You collected 96 gold pieces.

Inventory:

Hand Weapons
 a - a +0 hand axe (weapon)
Armour
 b - a +0 animal skin (worn)
Jewellery
 k - an amulet of faith (around neck)
 l - an uncursed amulet of rage {unknown}
 r - an uncursed ring of positive energy {unknown}
Wands
 m - a wand of disintegration (7)
Scrolls
 d - 3 scrolls of teleportation {unknown}
 g - a scroll of remove curse {unknown}
 i - 2 scrolls of noise {unknown}
 n - a scroll of amnesia {unknown}
 o - 2 scrolls of magic mapping {unknown}
 p - a scroll of enchant armour {unknown}
 t - a scroll of identify {unknown}
Potions
 e - 2 potions of mutation {unknown}
 f - 2 potions of curing {unknown}
 h - 3 potions of heal wounds {unknown}
 j - a potion of cancellation {unknown}
 q - a potion of haste {unknown}
 s - a potion of resistance {unknown}
Comestibles
 c - 4 rations


   Skills:
 + Level 4.0 Fighting
 + Level 3.6 Axes
 + Level 2.4 Armour
 + Level 2.0 Dodging
 + Level 0.2 Stealth


You had 3 spell levels left.
You didn't know any spells.

Dungeon Overview and Level Annotations

Branches:
Dungeon (3/15)

Altars:
Ru


Innate Abilities, Weirdness & Mutations

You are resistant to torment.
Your stone body is resilient. (AC +3)
You are immune to poison.
You resist negative energy. (rN+)
You are resistant to electric shocks. (rElec)
You can survive without breathing.
You are immune to petrification.
You are immune to rotting.


Message History

The goblin shoots a sling bullet.
The sling bullet hits you.
* * * LOW HITPOINT WARNING * * *
Unknown command.
You closely miss the leopard gecko.
The leopard gecko is almost dead.
The leopard gecko closely misses you. x2
Unknown command.
The goblin shoots a sling bullet.
The sling bullet closely misses you. The leopard gecko closely misses you.
You climb downwards.
There is a stone staircase leading up here.
You miss the leopard gecko.
The leopard gecko is almost dead.
The leopard gecko bites you.
* * * LOW HITPOINT WARNING * * *
You closely miss the leopard gecko.
The leopard gecko is almost dead.
The leopard gecko bites you but does no damage.
The leopard gecko bites you.
You die...

#.##.# #.##.#
#.##.#########
#.##.##......#
#.##.##.####.#
#.##.##.# #.#
#.##.##.# #.#
#.##.##.#
#.#####
#@##....#
#......
#l#####.#
####### ###
###


You could see a leopard gecko.

Vanquished Creatures
  2 adders
  An ooze (D:3)
  A worm (D:3)
  A leopard gecko (D:3)
  6 bats
  A giant cockroach (D:3)
  5 goblins
  7 hobgoblins
  5 jackals
  A quokka (D:3)
  5 frilled lizards
  4 kobolds (D:1)
  7 rats
46 creatures vanquished.

Notes
Turn   | Place    | Note
-------+----------+-------------------------------------------
     0 | D:1      | Fang the Gargoyle Berserker began the quest for the Orb.
     0 | D:1      | Reached XP level 1. HP: 14/14 MP: 1/1
   139 | D:1      | Reached XP level 2. HP: 14/19 MP: 2/2
   709 | D:2      | Reached XP level 3. HP: 18/24 MP: 3/3
   709 | D:2      | Reached ** piety under Trog
   838 | D:2      | You fall through a shaft!
  1277 | D:3      | Reached skill level 4 in Fighting
  1293 | D:3      | Found a sacrificial altar of Ru.
  1324 | D:3      | Reached XP level 4. HP: 16/29 MP: 4/4
  2088 | D:3      | HP: 1/29 [leopard gecko (2)]
  2089 | D:3      | Slain by a leopard gecko

Skill      XL: |  1  2  3 |
---------------+----------+-----
Axes           | 3 |  3.6
Fighting       | 4 |  4.0
Dodging        | 2 |  2.0
Armour         | |  2.4
Stealth        | |  0.2

Action                   |  1- 3 |  4- 6 || total
-------------------------+-------+-------++-------
Melee: Hand axe          |   106 |    33 ||   139
Invok: Berserk           |     1 |       ||     1
 Stab: Sleeping          |     1 |       ||     1
  Eat: Chunk             |     1 |     4 ||     5
Armor: Animal skin       |    44 |    10 ||    54
Dodge: Dodged            |   106 |    29 ||   135
